 Dungeon Crawl Stone Soup version 0.17-a0-1497-g03599f7 (webtiles) character file.

2984 urechis the Basher (level 9, -5/60 HPs)
             Began as a Gargoyle Fighter on July 6, 2015.
             Slain by a troll (9 damage)
             ... on level 6 of the Dungeon.
             The game lasted 00:15:31 (5532 turns).

urechis the Basher (Gargoyle Fighter)               Turns: 5532, Time: 00:15:31

Health: -5/60      AC: 17    Str: 21    XL:     9   Next: 83%
Magic:  9/9        EV: 10    Int:  8    God:
Gold:   456        SH:  9    Dex: 12    Spells: 0 memorised, 8 levels left

rFire  . . .     SeeInvis .     a - +2 flail (holy)
rCold  . . .     Clarity  .     A - +0 scale mail
rNeg   + . .     SustAt   .     c - +0 shield
rPois  ∞         Gourm    .     (no helmet)
rElec  +         Spirit   .     H - +1 cloak
rCorr  .         Warding  .     (no gloves)
rMut   .         Stasis   .     (no boots)
MR     .....                    (no amulet)
Stlth  ..........               p - +3 ring of protection
                                k - +3 ring of evasion

@: hasted, very quick, not resistant to hostile enchantments, extremely
unstealthy
A: negative energy resistance 1, electricity resistance, unbreathing,
petrification resistance, rot immunity, AC +5
a: no special abilities


You were on level 6 of the Dungeon.
You were hungry.

You visited 2 branches of the dungeon, and saw 8 of its levels.
You also visited: Ossuary.

You collected 456 gold pieces.

Inventory:

Hand weapons
 a - a +2 flail of holy wrath (weapon)
 b - a +1 blowgun
Missiles
 B - 6 poisoned needles
Armour
 c - a +0 shield (worn)
 A - a +0 scale mail (worn)
 H - a +1 cloak (worn)
Jewellery
 k - a +3 ring of evasion (left hand)
 p - a +3 ring of protection (right hand)
 w - an uncursed ring of protection from cold
Magical devices
 C - a wand of slowing (27)
 E - a wand of fireball (9)
 F - a wand of cold (7)
 M - a wand of flame (20)
 O - a wand of digging (7)
 Q - a wand of digging (14)
Scrolls
 j - 2 scrolls of teleportation
 l - 3 scrolls of recharging
 m - 2 scrolls of remove curse
 n - a scroll of enchant armour {unknown}
 o - 2 scrolls of enchant weapon
 q - 2 scrolls of fear {unknown}
 u - a scroll of blinking {unknown}
 x - a scroll of amnesia {unknown}
 y - a scroll of magic mapping {unknown}
 J - 7 scrolls of identify
 U - a scroll of fog {unknown}
Potions
 d - 3 potions of might
 f - 6 potions of curing
 i - a potion of invisibility {unknown}
 s - a potion of lignification {unknown}
 t - a potion of resistance {unknown}
 D - a potion of magic {unknown}
 G - a potion of cancellation {unknown}
 I - a potion of haste
 K - a potion of degeneration {unknown}
 L - a potion of agility {unknown}
 N - a potion of heal wounds {unknown}
 P - a potion of flight {unknown}
 S - a potion of berserk rage {unknown}
Books
 v - a book of Summonings

   Spells                             Type                      Level
   a - Recall                         Summoning/Translocation      3
   b - Aura of Abjuration             Summoning                    5
   c - Shadow Creatures               Summoning                    5
   d - Summon Demon                   Summoning                    5
   e - Summon Forest                  Summoning/Translocation      5
   f - Summon Mana Viper              Hexes/Summoning              5
 R - Sif Muna's Handbook of the Snowflakes
   (You found it on level 6 of the Dungeon)

   Spells                             Type                      Level
   a - Freeze                         Ice                          1
Comestibles
 e - 6 bread rations
 g - 2 fruits
 h - 5 meat rations
 r - 2 beef jerkies
 z - 2 royal jellies
 T - 3 chunks of flesh


   Skills:
 + Level 9.0 Fighting
 * Level 11.0 Maces & Flails
 - Level 3.2 Armour
 - Level 3.2 Shields


You had 8 spell levels left.
You didn't know any spells.

Dungeon Overview and Level Annotations

Branches:
Dungeon (7/15)             Temple (1/1) D:5

Altars:
Cheibriados
Dithmenos
Elyvilon
Fedhas
Gozag
Kikubaaqudgha
Makhleb
Okawaru
Qazlal
Sif Muna
Vehumet
Xom
Yredelemnul
Zin
The Shining One
Lugonu


Innate Abilities, Weirdness & Mutations

You are resistant to torment.
Your stone body is resilient (AC +5).
You are immune to poison.
You resist negative energy.
You are resistant to electric shocks.
You can survive without breathing.
You are immune to petrification.
You are immune to rotting.


Message History

The troll is moderately wounded.
You block the troll's attack. x2
The troll claws you.
You sock the troll!
The troll is heavily wounded.
The troll bites you! The troll claws you but does no damage.
You block the troll's attack.
You hit the troll.
The troll is heavily wounded.
The troll bites you!
* * * LOW HITPOINT WARNING * * *
The troll claws you but does no damage. The troll completely misses you.
You sock the troll!
The troll is severely wounded.
The troll bites you!
* * * LOW HITPOINT WARNING * * *
You block the troll's attack. x2
Drink which item? (? for menu, Esc to quit)
It was a potion of haste.
You feel yourself speed up. The troll bites you!
You die...

#.#....###.##.##.>.##.#..
##.#.######.##.##≈≈≈##<###
#.#......##.##.##...##.#
##.#.###.##.#####...##.#
###.#......######'.##.###
#.#.........#.8.8.#...#
#####.#.....###.#.._..###..
#.....#.....# #.##...## ###
#.#####>..@T# #.###.###
####.########### #.##..#.#
#......#.......# #.##.##.#
#.##.#.#.#####.# #.......#
#.##.#.#.#####.######.####
#.##......(......# #.#
#.####.#.#####.#.####.#
#......#.#####.#......#
########.......########


You could see a troll.

Vanquished Creatures
  A hill giant (D:6)
  Grinder (D:4)
  2 wraiths (Ossuary)
  2 steam dragons (D:6)
  Duvessa (D:4)
  2 phantoms
  An ice beast (D:6)
  An ogre (D:6)
  A centaur (D:5)
  2 giant frogs
  Dowan (D:4)
  A scorpion (D:5)
  A water moccasin skeleton (D:6)
  2 wights (Ossuary)
  A giant frog zombie (D:7)
  A hound (D:5)
  3 jellies
  2 orc priests
  2 giant frog skeletons (D:6)
  5 worker ants
  Terence (D:2)
  A gnoll shaman (D:4)
  8 orc wizards
  4 adders
  5 gnolls
  4 adder zombies
  An adder skeleton (D:5)
  4 worms
  2 giant geckos
  12 orcs
  3 giant cockroaches
  5 goblins
  15 hobgoblins
  3 jackals (D:6)
  5 quokkas
  2 ball pythons (D:1)
  2 ball python skeletons (Ossuary)
  10 bats
  A giant newt (D:3)
  3 hobgoblin skeletons (Ossuary)
  A jackal zombie (D:5)
  15 kobolds
  A kobold zombie (Ossuary)
  An orc zombie (Ossuary)
  12 rats
154 creatures vanquished.

Vanquished Creatures (others)
  8 fungi
8 creatures vanquished.

Grand Total: 162 creatures vanquished

Notes
Turn   | Place    | Note
--------------------------------------------------------------
     0 | D:1      | urechis the Gargoyle Fighter began the quest for the Orb.
     0 | D:1      | Reached XP level 1. HP: 14/14 MP: 1/1
   169 | D:1      | Reached XP level 2. HP: 19/19 MP: 2/2
   503 | D:2      | Reached XP level 3. HP: 24/24 MP: 3/3
   623 | D:2      | Noticed Terence
   630 | D:2      | Killed Terence
   630 | D:2      | Reached skill level 4 in Fighting
   630 | D:2      | Reached XP level 4. HP: 29/29 MP: 4/4
   852 | D:2      | Found a blossoming altar of Fedhas.
  1066 | D:2      | Reached XP level 5. HP: 12/34 MP: 5/5
  1657 | D:3      | Found a shadowy altar of Dithmenos.
  1951 | D:4      | Found a burning altar of Makhleb.
  2030 | D:4      | Noticed a phantom
  2071 | D:4      | Reached skill level 5 in Fighting
  2071 | D:4      | Reached skill level 5 in Maces & Flails
  2071 | D:4      | Reached XP level 6. HP: 17/40 MP: 6/6
  2083 | D:4      | Killed a phantom
  2210 | D:4      | Found an opulent altar of Gozag.
  2282 | D:4      | Noticed Dowan
  2292 | D:4      | Noticed Duvessa
  2304 | D:4      | Killed Duvessa
  2316 | D:4      | Killed Dowan
  2568 | D:4      | Reached XP level 7. HP: 42/44 MP: 7/7
  2587 | D:4      | Reached skill level 6 in Maces & Flails
  2739 | D:4      | Noticed Grinder
  2748 | D:4      | Killed Grinder
  3075 | D:5      | Entered Level 5 of the Dungeon
  3128 | D:5      | Reached skill level 7 in Maces & Flails
  3182 | D:5      | Reached XP level 8. HP: 27/52 MP: 8/8
  3274 | D:5      | Found a staircase to the Ecumenical Temple.
  3277 | D:5      | Found a sand-covered staircase.
  3285 | Ossuary  | Entered an ossuary
  3389 | Ossuary  | Noticed a flying skull
  3398 | Ossuary  | Noticed a flying skull
  3399 | Ossuary  | Noticed a flying skull
  3428 | Ossuary  | Noticed a flying skull
  3450 | Ossuary  | Reached skill level 8 in Maces & Flails
  3492 | Ossuary  | Noticed a flying skull
  3762 | D:5      | Found an iron altar of Okawaru.
  3909 | Temple   | Entered the Ecumenical Temple
  4003 | D:6      | Found a deep blue altar of Sif Muna.
  4095 | D:6      | Noticed a hill giant
  4100 | D:6      | HP: 2/53 [hill giant/giant club (27)]
  4357 | D:6      | Found a white marble altar of Elyvilon.
  4374 | D:6      | Reached skill level 9 in Maces & Flails
  4387 | D:6      | Got a slimy spear {antimagic}
  4388 | D:6      | Identified the +9 spear of Fate {antimagic, Str+4 Stlth+} (You took it off a hobgoblin on level 6 of the Dungeon)
  4472 | D:6      | Reached XP level 9. HP: 4/59 MP: 9/9
  4771 | D:6      | Killed a hill giant
  4771 | D:6      | Reached skill level 10 in Maces & Flails
  5095 | D:6      | Identified Sif Muna's Handbook of the Snowflakes
  5481 | D:7      | Found a shimmering altar of Xom.
  5516 | D:7      | Reached skill level 11 in Maces & Flails
  5531 | D:6      | HP: 3/60 [troll (9)]
  5532 | D:6      | Slain by a troll

Vault maps used:
D:1:      dpeg_arrival_simpleton_b, serial_bayou_pond_e
D:2:      lemuel_coloured_pillars_altar, uniq_terence
D:3:      lemuel_round_altar
D:4:      lemuel_upstairs_altar, lemuel_doored_altar, lemuel_round_altar,
          serial_aquarium, aquarium_bridge_straight, aquarium_bridge_straight,
          aquarium_window_corner, aquarium_window_corridor_1, aquarium_window_1,
          aquarium_view_2d, aquarium_view_2e, aquarium_pool_2, uniq_grinder,
          uniq_duvessa
D:5:      okawaru_altar_gauntlet_db, temple_pool_b,
          nicolae_ossuary_entry_monument, first_bread
D:6:      kennysheep_steamy, led_sif_book, nicolae_overflow_crystal_walls
D:7:      hangedman_cross_stitches, xom_teletrap_fun
Temple:   corrupted_temple
Ossuary:  ossuary_due_cavern

Action                   |  1- 3 |  4- 6 |  7- 9 || total
-------------------------+-------+-------+-------++-------
Melee: Flail             |    95 |   147 |   326 ||   568
Evoke: Wand              |       |       |     6 ||     6
  Use: Scroll            |       |       |     8 ||     8
       Potion            |       |       |     1 ||     1
  Eat: Chunk             |       |     6 |     9 ||    15
